 Dungeon Crawl Stone Soup version 0.23-a0-642-g3120c2f (webtiles) character file.

8 Azzok the Digger (level 2, 19/19 HPs)
             Began as a Demonspawn Earth Elementalist on Dec 30, 2018.
             Quit the game on level 1 of the Dungeon.
             The game lasted 00:00:16 (101 turns).

Azzok the Digger (Demonspawn Earth Elementalist)     Turns: 101, Time: 00:00:17

Health: 19/19      AC:  2    Str:  8    XL:     2   Next: 0%
Magic:  0/5        EV: 12    Int: 16    God:
Gold:   5          SH:  0    Dex: 13    Spells: 4/5 levels left

rFire    . . .     SeeInvis .   (no weapon)
rCold    . . .     Gourm    .   (no shield)
rNeg     . . .     Faith    .   c - +0 robe
rPois    .         Spirit   .   (no helmet)
rElec    .         Reflect  .   (no cloak)
rCorr    .         Harm     .   (no gloves)
MR       .....                  (no boots)
Stlth    ++........             (no amulet)
HPRegen  0.06/turn              (no ring)
MPRegen  0.09/turn              (no ring)

@: no status effects
A: demonic guardian 1
a: no special abilities


You were on level 1 of the Dungeon.
You were not hungry.

You visited 1 branch of the dungeon, and saw 1 of its levels.

You collected 5 gold pieces.

Inventory:

Missiles
 b - 23 stones (quivered)
Armour
 c - a +0 robe (worn)
Comestibles
 a - 3 chunks of flesh
 d - 2 rations


   Skills:
 - Level 1.7 Dodging
 - Level 1.7 Stealth
 + Level 2.3 Spellcasting
   Level 0.8 Transmutations
 + Level 3.0 Earth Magic


You had 4 spell levels left.
You knew the following spells:

 Your Spells              Type           Power        Failure   Level  Hunger
a - Sandblast             Erth           ##....       6%          1    #......

Your spell library contained the following spells:

 Spells                   Type           Power        Failure   Level  Hunger
 Passwall                 Tmut/Erth      #.......     14%         2    ###....
 Stone Arrow              Conj/Erth      #.....       32%         3    ###....
 Petrify                  Tmut/Erth      #.......     65%         4    #####..
 Lee's Rapid Deconstruct  Erth           ##........   85%         5    ######.


Dungeon Overview and Level Annotations

Branches:
Dungeon (1/15)

Altars:


Innate Abilities, Weirdness & Mutations

A weak demonic guardian rushes to your aid.


Message History

Press: ? - help, Shift-Dir - straight line, f/p - ooze
Aim: an ooze (lightly wounded)
The blast of sand hits the ooze.
The ooze is heavily wounded.
b - 24 stones The ooze hits you but does no damage.
Casting: Sandblast (safe; 6% risk of failure)
Confirm with . or Enter, or press ? or * to list all spells.
Aiming: Sandblast (safe; 6% risk of failure)
Press: ? - help, Shift-Dir - straight line, f/p - ooze
Aim: an ooze (heavily wounded)
The blast of sand hits the ooze.
You kill the ooze!
Your Earth Magic skill increases to level 3!
You have reached level 2!
Your demonic ancestry asserts itself...
You feel the presence of a demonic guardian.
b - 23 stones
* * * LOW MAGIC WARNING * * *
Are you sure you want to abandon this character and quit the game? (Confirm

▒·▒ ▒·▒ · ······ ▒·
▒▒▒·▒·▒·▒·▒ ▒·▒
▒▒▒▒···g······
▒··▒▒▒····▒·▒·▒>▒·
▒▒▒·····▒▒%····w····
·········▒·▒·▒·▒·▒·▒
▒···▒··g▒··K··
▒···)··@▒▒▒▒▒·▒
········▒▒·▒▒ ·▒
··!····▒▒▒··▒▒ ·
······· ▒▒··▒ ▒
······· ▒·▒▒ ▒▒▒▒▒ ▒
····▒▒▒
▒▒▒·▒▒▒▒···▒▒·▒ ····
▒▒····▒▒··▒···· ···
▒···▒·······▒
▒·········▒▒▒


You could see a goblin.

Vanquished Creatures
  An ooze (D:1)
  2 goblins (D:1)
  A bat (D:1)
4 creatures vanquished.

Notes
Turn   | Place    | Note
-------+----------+-------------------------------------------
     0 | D:1      | Azzok the Demonspawn Earth Elementalist began the quest for
                  | the Orb.
     0 | D:1      | Reached XP level 1. HP: 13/13 MP: 3/3
   100 | D:1      | Reached skill level 3 in Earth Magic
   100 | D:1      | Gained mutation: A weak demonic guardian rushes to your
                  | aid. [demonic ancestry]
   100 | D:1      | Reached XP level 2. HP: 19/19 MP: 0/5
   101 | D:1      | Quit the game

Vault maps used:
D:1:      dpeg_arrival_round_b, st_stairs_9, minmay_misc_feat_four_crosses

Skill      XL: |  1 |
---------------+----+-----
Earth Magic    | 3 |  3.0
Dodging        | |  1.7
Stealth        | |  1.7
Spellcasting   | |  2.3
Transmutations | |  0.8

Action                   || total
-------------------------++-------
 Cast: Sandblast         ||     7
Armor: Robe              ||     2
Dodge: Dodged            ||     3

Table legend:
 A = Non-vault XP
 B = Vault XP
 C = Vault XP percentage of total XP
 D = Non-vault monster count
 E = Vault monster count
 F = Vault count percentage of total count
                 A         B        C        D         E       F
            +---------+---------+-------+---------+---------+-------
      Total |       5 |       7 |  58.3 |       3 |       1 |  25.0
            +---------+---------+-------+---------+---------+-------
        D:1 |       5 |       7 |  58.3 |       3 |       1 |  25.0
            +---------+---------+-------+---------+---------+-------
